 Dungeon Crawl Stone Soup version 0.17-a0-1554-g3b847ca (webtiles) character file.

116 namelastname112 the Ducker (level 4, -1/38 HPs)
             Began as a Draconian Wizard on July 20, 2015.
             Slain by a worm (3 damage)
             ... on level 3 of the Dungeon.
             The game lasted 00:04:21 (2729 turns).

namelastname112 the Ducker (Draconian Wizard)       Turns: 2729, Time: 00:04:21

Health: -1/38      AC:  5    Str:  9    XL:     4   Next: 69%
Magic:  0/8        EV: 13    Int: 18    God:
Gold:   174        SH:  0    Dex: 11    Spells: 1 memorised, 8 levels left

rFire  . . .     SeeInvis .     f - +0 dagger
rCold  . . .     Clarity  .     (armour unavailable)
rNeg   . . .     SustAt   .     (no shield)
rPois  .         Gourm    .     a - +0 hat
rElec  .         Spirit   .     (no cloak)
rCorr  .         Warding  .     (no gloves)
rMut   .         Stasis   .     (no boots)
MR     .....                    (no amulet)
Stlth  ++........               (no ring)
                                (no ring)

@: very slightly contaminated, not resistant to hostile enchantments, unstealthy
A: unfitting armour, cold-blooded, AC +5
a: no special abilities


You were on level 3 of the Dungeon.
You were not hungry.

You visited 1 branch of the dungeon, and saw 3 of its levels.

You collected 174 gold pieces.

Inventory:

Hand weapons
 f - a +0 dagger (weapon)
Armour
 a - a +0 hat (worn)
 x - a +0 pair of boots
Jewellery
 u - an uncursed ring of ice
Scrolls
 e - 6 scrolls of identify {unknown}
 g - 2 scrolls of blinking {unknown}
 j - 4 scrolls of amnesia {unknown}
 l - a scroll of fear {unknown}
 n - a scroll of noise {unknown}
 o - 2 scrolls of teleportation {unknown}
 q - a scroll of magic mapping {unknown}
 t - a scroll of recharging {unknown}
 v - 2 scrolls of remove curse {unknown}
Potions
 h - a potion of degeneration {unknown}
 i - 2 potions of lignification {unknown}
 k - a potion of resistance {unknown}
 m - a potion of might {unknown}
 p - a potion of heal wounds {unknown}
 r - a potion of haste {unknown}
 s - a potion of ambrosia {unknown}
Books
 b - a book of Minor Magic

   Spells                             Type                      Level
   a - Magic Dart                     Conjuration                  1
   b - Blink                          Translocation                2
   c - Call Imp                       Summoning                    2
   d - Repel Missiles                 Charms/Air                   2
   e - Slow                           Hexes                        2
   f - Conjure Flame                  Conjuration/Fire             3
   g - Mephitic Cloud                 Conjuration/Poison/Air       3
Comestibles
 c - a bread ration
 d - a beef jerky
 w - a chunk of flesh


   Skills:
 + Level 3.1 Fighting
 + Level 3.4 Dodging
 - Level 1.7 Stealth
 - Level 3.0 Spellcasting
 - Level 1.0 Conjurations
   Level 1.0 Summonings
   Level 1.0 Translocations


You had 8 spell levels left.
You knew the following spells:

 Your Spells              Type           Power        Failure   Level  Hunger
z - Magic Dart            Conj           #...         12%         1    None


Dungeon Overview and Level Annotations

Branches:
Dungeon (3/15)

Altars:
Elyvilon


Innate Abilities, Weirdness & Mutations

Your plain brown scales are hard (AC +5).
Your body does not fit into most forms of armour.
You are cold-blooded and may be slowed by cold attacks.


Message History

The magic dart hits the worm.
The worm is moderately wounded.
Casting: Magic Dart
Confirm with . or Enter, or press ? or * to list all spells.
Aiming: Magic Dart
Press: ? - help, Shift-Dir - straight line, f/p - worm
Aim: a worm (moderately wounded)
The magic dart hits the worm.
The worm is moderately wounded.
The worm bites you!
* * * LOW HITPOINT WARNING * * *
Casting: Magic Dart
Confirm with . or Enter, or press ? or * to list all spells.
Aiming: Magic Dart
Press: ? - help, Shift-Dir - straight line, f/p - worm
Aim: a worm (moderately wounded)
The magic dart hits the worm.
The worm is moderately wounded.
The worm bites you.
You die...

#.####.....##...#.# #..#
#.#####....#.# ##.###.#
#..#.#.# # #########..##.#
#.##.#.# # #........#.##.#
#......# #
##........#.##.########...# #
#'........#.#.<(..........#
#####....).(.#....############
....#...........@....#
###.##+#........w.##.#
#w#.........(...##+#####
#.#..##..............†.#
#.#..##........>.)...>.#
#....w..####...........#
#######.# #...........# #.#
#...........# #.#
#...........#


You could see a worm.

Vanquished Creatures
  6 adders (D:2)
  2 oozes (D:3)
  A worm (D:2)
  3 giant geckos
  3 giant cockroaches
  4 goblins
  3 hobgoblins
  2 jackals (D:3)
  8 kobolds
  2 ball pythons
  8 bats
  4 giant newts
  7 rats
53 creatures vanquished.

Notes
Turn   | Place    | Note
--------------------------------------------------------------
     0 | D:1      | namelastname112 the Draconian Wizard began the quest for the Orb.
     0 | D:1      | Reached XP level 1. HP: 14/14 MP: 4/4
   306 | D:1      | Reached skill level 1 in Fighting
   363 | D:1      | Reached XP level 2. HP: 20/23 MP: 0/6
  1353 | D:2      | Reached XP level 3. HP: 21/29 MP: 0/7
  1498 | D:2      | Found a white marble altar of Elyvilon.
  1887 | D:2      | Reached XP level 4. HP: 37/37 MP: 3/8
  2654 | D:3      | Noticed a hippogriff
  2728 | D:3      | HP: 1/38 [worm (9)]
  2729 | D:3      | Slain by a worm

Vault maps used:
D:1:      sevenhm_arrival_forest_fort_large_2
D:2:      serial_forest, infiniplex_forest_end_2, infiniplex_forest_split,
          infiniplex_forest_lined_3, infiniplex_forest_lined_2,
          infiniplex_forest_end_1, infiniplex_forest_corner_1,
          infiniplex_forest_end_2, elyvilon_altar_4
D:3:      first_bread, minmay_misc_feat_pillars

Action                   |  1- 3 |  4- 6 || total
-------------------------+-------+-------++-------
Melee: Unarmed           |    10 |       ||    10
       Dagger            |    84 |    39 ||   123
 Cast: Magic Dart        |    74 |    67 ||   141
  Eat: Chunk             |     3 |     3 ||     6
